Map: Site Delta LE

Players

SubN

  • Race: Zerg Zerg
  • League: Diamond
  • Spawn Location: 5:00

specialed - Winner!

  • Race: Protoss Protoss
  • League: Diamond
  • Spawn Location: 11:00

VOD

Have the link to the VOD?

Description

Time

  • Played on: Jan. 19, 2024, 10:21 p.m.
  • Length: 18:06
Show
View Real Time Build Order
Export as new Build Order

SubN Zerg 

Build Orders: Pool First 

Get SALT Encoding   

  12  0:00  Drone  
  13  0:12  Overlord  
  13  0:16  Drone  
  14  0:30  Drone x2  
  14  0:35  Drone  
  17  0:44  Extractor  
  17  0:46  Spawning Pool  
  15  0:50  Drone  
  16  1:12  Hatchery  
  16  1:18  Drone  
  16  1:19  Drone  
  16  1:24  Drone  
  18  1:37  Queen  
  20  1:42  Zergling x2  
  20  1:45  Zergling x2  
  22  1:55  Overlord  
  22  1:59  Metabolic Boost  
  22  2:06  Overlord  
  22  2:13  Drone  
  23  2:17  Queen  
  25  2:32  Queen  
  25  2:34  Drone x2  
  29  2:41  Drone x2  
  31  2:45  Overlord  
  31  2:54  Drone x3  
  31  2:56  Drone  
  31  2:58  Drone  
  35  3:06  Drone  
  35  3:08  Drone  
  37  3:21  Drone x2  
  37  3:22  Hatchery  
  37  3:23  Overlord  
  38  3:27  Overlord  
  38  3:32  Drone x2  
  38  3:33  Drone  
  41  3:38  Drone  
  42  3:44  Roach Warren  
  41  3:50  Drone x2  
  41  3:54  Drone, Extractor  
  41  3:55  Drone x3  
  46  3:59  Drone, Extractor  
  46  4:00  Drone x2, Extractor  
  47  4:11  Drone x2  
  49  4:18  Baneling Nest  
  49  4:23  Drone x2  
  50  4:25  Drone  
  50  4:27  Overlord x3  
  51  4:36  Roach  
  51  4:37  Roach x2  
  57  4:42  Overlord  
  57  4:44  Queen  
  59  4:48  Roach x2  
  59  4:49  Roach x2  
  65  5:00  Drone  
  65  5:01  Drone  
  63  5:10  Roach  
  63  5:11  Roach x7  
  79  5:18  Ravager x2  
  79  5:19  Ravager  
  82  5:21  Drone x3  
  85  5:46  Lair  
  85  5:55  Drone x2  
  87  5:59  Drone  
  87  6:01  Evolution Chamber  
  87  6:02  Evolution Chamber  
  87  6:03  Drone x4  
  85  6:26  Zergling x10  
  85  6:29  Zerg Missile Weapons Level 1  
  90  6:33  Zerg Melee Weapons Level 1  
  90  6:41  Spore Crawler  
  90  6:43  Overseer  
  90  6:45  Overseer  
  90  6:46  Overseer, Spore Crawler  
  87  6:52  Drone x2  
  87  6:53  Drone x3  
  79  7:07  Drone x5  
  84  7:21  Overlord x5  
  84  7:32  Hatchery, Centrifugal Hooks  
  84  7:33  Zergling x2  
  84  7:37  Extractor  
  84  7:42  Extractor  
  78  7:52  Zergling x2  
  78  7:53  Zergling x16  
  78  7:57  Ravager x4  
  85  7:58  Glial Reconstitution  
  85  8:01  Drone  
  85  8:02  Drone  
  85  8:03  Drone  
  88  8:07  Queen  
  88  8:09  Queen  
  88  8:12  Drone  
  93  8:13  Spire  
  93  8:16  Baneling  
  93  8:17  Baneling x6  
  93  8:18  Zergling x4  
  40  9:08  Drone x2  
  40  9:09  Drone x7  
  50  9:10  Drone  
  50  9:12  Zerg Melee Weapons Level 2, Zerg Missile Weapons Level 2  
  50  9:15  Drone x5, Queen  
  57  9:21  Drone x3  
  60  9:26  Zerg Flyer Weapons Level 1  
  60  9:28  Drone  
  61  9:33  Drone x2  
  61  9:37  Queen  
  65  9:39  Mutalisk x2  
  65  9:43  Mutalisk  
  71  9:50  Drone x4  
  75  9:53  Drone  
  76  10:04  Mutalisk  
  76  10:05  Mutalisk x4  
  74  10:16  Roach  
  74  10:17  Roach x3  
  77  10:22  Roach x3  
  82  10:30  Drone x2  
  82  10:31  Drone x2  
  86  10:40  Drone x2  
  86  10:41  Drone x2  
  86  10:42  Queen  
  90  10:46  Mutalisk  
  94  11:07  Mutalisk x6  
  94  11:08  Mutalisk  
  108  11:16  Infestation Pit  
  107  11:20  Zergling x2  
  107  11:21  Zergling x8  
  112  11:26  Drone  
  112  11:27  Drone  
  114  11:34  Roach x2  
  118  11:41  Roach x2  
  122  11:53  Zergling x2  
  122  11:55  Overlord x2  
  122  11:56  Overlord x3  
  122  12:00  Overlord  
  122  12:06  Baneling x4  
  114  12:28  Zergling x26  
  125  12:41  Overseer  
  125  12:43  Overseer  
  125  12:47  Hatchery, Extractor  
  125  12:49  Queen  
  125  12:51  Extractor  
  125  12:53  Drone x8  
  132  13:02  Neural Parasite  
  132  13:04  Infestor x5  
  138  13:36  Drone  
  138  13:37  Drone  
  140  13:43  Zergling x2  
  140  13:44  Zergling x24  
  153  13:59  Overlord x4  
  153  14:01  Overseer x2  
  153  14:11  Drone  
  153  14:12  Drone x6  
  153  14:14  Overlord x2  
  153  14:16  Queen  
  112  14:45  Zergling x2  
  107  14:46  Zergling x32  
  123  14:56  Hive  
  123  14:57  Zerg Ground Armor Level 1  
  123  14:58  Infestor x4  
  131  15:04  Roach  
  131  15:05  Roach  
  135  15:16  Infestor x3  
  135  15:17  Infestor  
  135  15:18  Hatchery  
  137  15:25  Drone x6  
  137  15:26  Drone x2  
  136  15:39  Zergling x10  
  136  15:40  Zergling x10  
  146  15:46  Drone x4  
  150  15:56  Roach x9  
  160  16:11  Burrow  
  155  16:18  Viper  
  155  16:19  Viper x3  
  166  16:32  Greater Spire  
  166  16:33  Overlord x5  
  166  16:35  Drone x2  
  168  16:45  Hatchery  
  124  17:07  Corruptor  
  124  17:08  Corruptor x10  
  140  17:16  Extractor  
  122  17:35  Drone x3  
  122  17:36  Drone x11  
  122  17:37  Drone, Corruptor x2  
Show
View Real Time Build Order
Export as new Build Order

specialed Protoss - Winner!

Build Orders: 1 Gate Expand, Archon Immortal 

Get SALT Encoding   

  12  0:00  Probe  
  13  0:14  Probe  
  13  0:20  Pylon  
  14  0:26  Probe  
  15  0:38  Probe  
  15  0:42  Gateway  
  16  0:47  Assimilator  
  16  0:51  Probe  
  17  1:04  Probe (Chrono Boost)  
  18  1:15  Probe (Chrono Boost)  
  19  1:21  Probe (Chrono Boost)  
  20  1:28  Nexus  
  19  1:38  Cybernetics Core  
  19  1:42  Probe  
  20  1:48  Assimilator  
  20  1:52  Zealot (Chrono Boost)  
  22  2:00  Pylon  
  22  2:03  Probe  
  23  2:16  Warp Gate, Stalker (Chrono Boost)  
  23  2:20  Probe  
  26  2:32  Probe, Twilight Council  
  27  2:44  Probe  
  27  2:46  Probe  
  29  2:56  Gateway  
  29  2:57  Adept  
  31  3:00  Probe  
  31  3:03  Probe  
  33  3:10  Resonating Glaives (Chrono Boost)  
  33  3:12  Probe  
  34  3:15  Probe  
  35  3:24  Probe  
  36  3:29  Probe  
  36  3:32  Robotics Facility  
  37  3:36  Gateway  
  37  3:37  Probe  
  38  3:43  Probe  
  38  3:47  Gateway  
  39  3:50  Probe  
  39  3:53  Pylon  
  40  4:01  Probe  
  41  4:04  Probe  
  41  4:06  Adept x2  
  46  4:13  Probe  
  46  4:16  Pylon  
  46  4:17  Probe  
  48  4:18  Warp Prism (Chrono Boost)  
  50  4:25  Probe  
  50  4:27  Adept  
  53  4:33  Pylon  
  53  4:36  Probe  
  53  4:38  Probe  
  55  4:41  Pylon  
  55  4:48  Probe  
  55  4:50  Probe  
  57  5:05  Probe  
  56  5:09  Dark Shrine  
  56  5:10  Probe, Assimilator  
  53  5:16  Adept x2  
  53  5:17  Adept  
  59  5:23  Probe x2  
  59  5:24  Immortal (Chrono Boost)  
  65  5:35  Probe  
  66  5:38  Probe  
  67  5:44  Pylon  
  67  5:47  Probe  
  68  5:50  Probe, Nexus  
  68  5:55  Pylon  
  69  5:59  Probe  
  69  6:02  Immortal (Chrono Boost)  
  69  6:03  Probe  
  75  6:18  Probe  
  72  6:22  Dark Templar x4  
  76  6:27  Probe  
  76  6:31  Assimilator  
  77  6:35  Gateway, Probe  
  77  6:36  Forge  
  77  6:37  Gateway, Forge  
  78  6:42  Shield Battery, Probe  
  79  6:47  Probe  
  79  6:54  Probe  
  81  6:56  Immortal  
  81  6:59  Probe  
  86  7:01  Probe  
  86  7:05  Protoss Ground Weapons Level 1 (Chrono Boost), Protoss Ground Armor Level 1 (Chrono Boost)  
  86  7:06  Probe  
  88  7:11  Probe  
  88  7:13  Probe  
  90  7:16  Gateway, Archon x2  
  90  7:18  Probe  
  91  7:32  Sentry  
  91  7:34  Sentry x2  
  91  7:35  Probe  
  98  7:43  Probe  
  99  7:48  Immortal  
  102  7:55  Probe  
  103  7:59  Probe x2  
  103  8:01  Sentry x2  
  109  8:07  Assimilator  
  109  8:11  Assimilator  
  109  8:14  Templar Archives  
  109  8:21  Nexus  
  109  8:22  Pylon  
  109  8:25  Gateway  
  109  8:26  Gateway  
  109  8:27  Pylon  
  109  8:28  Pylon  
  109  8:30  Gateway  
  109  8:31  Gateway, Probe x2  
  107  8:37  Zealot x3  
  103  8:53  Probe  
  82  9:03  Probe (Chrono Boost)  
  82  9:05  Probe (Chrono Boost)  
  82  9:08  Protoss Ground Weapons Level 2 (Chrono Boost), Protoss Ground Armor Level 2 (Chrono Boost)  
  84  9:13  Psionic Storm  
  84  9:15  Probe (Chrono Boost)  
  84  9:16  Immortal  
  89  9:26  High Templar x2  
  89  9:27  Zealot  
  89  9:28  Zealot x4  
  89  9:29  Probe  
  104  9:32  Probe x2, Charge (Chrono Boost)  
  104  9:37  Gateway, Archon  
  106  9:40  Gateway  
  106  9:41  Gateway, Probe  
  106  9:43  Gateway, Probe  
  106  9:44  Probe  
  109  9:45  Pylon  
  109  9:54  Probe, Assimilator  
  109  9:56  High Templar x2  
  109  9:59  Assimilator  
  114  10:01  Pylon  
  114  10:02  Robotics Facility  
  112  10:24  Shield Battery  
  112  10:26  Shield Battery  
  112  10:32  Photon Cannon  
  112  10:35  Photon Cannon  
  112  10:36  Photon Cannon  
  112  10:38  Immortal  
  112  10:39  Photon Cannon  
  112  10:42  High Templar x2  
  120  10:45  Probe x2  
  120  10:46  Probe x2  
  120  10:47  Shield Battery  
  120  10:49  Photon Cannon  
  124  10:51  Photon Cannon  
  122  11:00  Stalker x5  
  122  11:01  Stalker  
  122  11:03  Stalker x3  
  140  11:06  Blink (Chrono Boost)  
  140  11:09  Probe  
  141  11:17  Protoss Ground Weapons Level 3 (Chrono Boost), Protoss Ground Armor Level 3 (Chrono Boost)  
  141  11:18  Photon Cannon  
  141  11:21  Probe x3  
  141  11:23  Photon Cannon  
  144  11:29  Probe  
  145  11:43  Immortal  
  145  11:44  Immortal  
  145  11:46  Probe x4  
  157  11:49  Gateway  
  157  11:51  Gateway  
  157  11:53  Gateway  
  157  11:55  Pylon  
  157  11:59  Gateway  
  157  12:02  Shield Battery  
  157  12:05  Photon Cannon  
  157  12:07  Photon Cannon  
  157  12:10  Photon Cannon  
  149  12:33  Immortal x2  
  149  12:35  High Templar x4  
  165  12:37  High Templar x3  
  171  12:47  Pylon x2, Archon  
  171  12:48  Pylon  
  171  12:51  Pylon  
  171  13:17  Warp Prism  
  171  13:19  Stalker x2  
  176  13:20  Stalker x5  
  176  13:21  Stalker x7  
  200  13:37  Pylon  
  200  13:44  Pylon x2  
  200  13:49  Protoss Shields Level 1 (Chrono Boost)  
  200  13:54  Shadow Stride (Chrono Boost)  
  200  14:04  Nexus  
  200  14:05  Pylon  
  200  14:08  Pylon  
  200  14:13  Pylon  
  172  14:51  Robotics Bay  
  172  15:08  Gateway  
  172  15:10  Gateway  
  172  15:12  Gateway  
  172  15:16  Pylon  
  172  15:21  Pylon  
  164  15:52  Observer x2  
  164  16:00  Shield Battery  
  164  16:02  Assimilator  
  164  16:03  Photon Cannon x2, Warp Prism  
  164  16:06  Assimilator  
  164  16:07  Zealot x3  
  164  16:08  Photon Cannon, Zealot x4  
  164  16:09  Zealot x5  
  190  16:27  Gravitic Boosters (Chrono Boost)  
  164  17:39  Zealot  
  164  17:40  Zealot x6  
  178  17:56  Nexus  
  178  17:58  Pylon  
  178  18:00  Pylon  
Tags
 
Add a new tag
Caveats
  • Supply blocks, unpowered buildings, or Contaminate may cause inaccurate times.
  • Supply counts are checked every 10 seconds.